 Dungeon Crawl Stone Soup version 0.30-a0-170-g85af917532 (webtiles) character file.

Game seed: 461130240227967520

820 qw the Blocker (level 7, -14/41 HPs)
             Began as a Gargoyle Fighter on Sept 30, 2022.
             Was a Follower of Okawaru.
             Killed from afar by an acid dragon (29 damage)
             ... with a splash of acid
             ... on level 5 of the Dungeon.
             The game lasted 00:01:36 (4964 turns).

qw the Blocker (Gargoyle Fighter)                   Turns: 4964, Time: 00:01:36

Health: -14/41     AC: 14    Str: 22    XL:     7   Next: 95%
Magic:  5/7        EV:  5    Int:  8    God:    Okawaru [*.....]
Gold:   176        SH: 16    Dex:  9    Spells: 6/6 levels left

rFire   . . .      SeeInvis +    Y - +3 war axe
rCold   . . .      Faith    .    i - +0 tower shield
rNeg    + . .      Spirit   .    a - +0 plate armour
rPois   inf        Reflect  .    n - +0 hat {SInv}
rElec   +          Harm     .    (no cloak)
rCorr   .          Rampage  .    (no gloves)
Will    .....                    (no boots)
Stlth   ..........               (no amulet)
HPRegen 0.13/turn                (no ring)
MPRegen 0.10/turn                (no ring)

@: about to teleport, heroic, corroded
A: sickness immunity, AC +4, negative energy resistance 1, electricity
resistance, torment resistance 1, petrification resistance
a: Renounce Religion, Heroism


You were on level 5 of the Dungeon.
You worshipped Okawaru.
Okawaru was aware of your devotion.
You visited 2 branches of the dungeon, and saw 6 of its levels.

You collected 176 gold pieces.


Innate Abilities, Weirdness & Mutations

You are immune to sickness and miasma.
Your stone body is resilient. (AC +4)
You are immune to poison.
You resist negative energy. (rN+)
You are resistant to electric shocks. (rElec)
You are resistant to unholy torment.
You are immune to petrification.


   Skills:
 - Level 3.2(8.2) Fighting
 + Level 4.4(9.4) Axes
 - Level 1.0(6.0) Throwing
 - Level 3.2(8.2) Armour
 - Level 8.6(13.6) Shields
 + Level 0.0 Invocations


You had 6 spell levels left.
You didn't know any spells.
Your spell library was empty.

Inventory:

Hand Weapons
 f - a +0 flail
 Y - a +3 war axe (weapon)
Missiles
 g - a javelin (quivered)
Armour
 a - a +0 plate armour (worn)
 b - the +5 leather armour "Birena" {rPois rC++ Dex-3 SInv}
   (You found it on level 4 of the Dungeon)

   Dex:       It affects your dexterity (-3).
   rC:        It greatly protects you from cold.
   rPois:     It protects you from poison.
   SInv:      It lets you see invisible.
 i - a +0 tower shield (worn)
 n - a +0 hat of see invisible (worn)
Scrolls
 c - a scroll of teleportation
 j - a scroll of identify
Potions
 d - a potion of might
 e - a potion of ambrosia {unknown}
 h - a potion of curing
 m - a potion of brilliance {unknown}

Dungeon Overview and Level Annotations

Branches:
Dungeon (5/15)             Temple (1/1) D:4

Altars:
Cheibriados
Dithmenos
Elyvilon
Fedhas
Hepliaklqana
Kikubaaqudgha
Nemelex Xobeh
Okawaru
Ru
Sif Muna
Trog
Uskayaw
Wu Jian
Xom
Zin

Shops:
D:4 [


Message History

You gain the combat prowess of a mighty hero.
You block the hound's attack. You block the acid dragon's attack.
The acid dragon barely misses you.
You hit the acid dragon but do no damage.
The acid dragon is lightly wounded.
You hit the hound. The hound bites you but does no damage.
You block the hound's attack. You block the acid dragon's attack.
The acid dragon claws you but does no damage.
You hit the hound.
The hound is heavily wounded.
You hit the acid dragon. You block the hound's attack.
You block the acid dragon's attack. The acid dragon barely misses you.
The hound bites you but does no damage.
You hit the hound.
The hound is almost dead.
You slash the acid dragon! You block the hound's attack.
The acid dragon spits acid at you. The splash of acid hits you!
The hound closely misses you.
4962 ||| READING 2 scrolls of teleportation.
As you read the scroll of teleportation, it crumbles to dust.
You feel strangely unstable. You block the hound's attack.
The acid dragon bites you but does no damage.
You block the acid dragon's attack.
4963 ||| DRINKING potion of heal wounds.
You feel much better. You block the hound's attack.
You block the acid dragon's attack. The acid dragon closely misses you.
You block the hound's attack.
You barely miss the hound.
The hound is almost dead.
You barely miss the acid dragon. The hound barely misses you.
The acid dragon spits acid at you. The splash of acid hits you!!
The hound bites you but does no damage. The acid dragon spits acid at you.
The splash of acid hits you!!
Ouch! That really hurt!
You die...

########## #......@.#
####.#####hD# #)....#
..... ######.....#
.......#
##..........#..#(##..#
............+...8. ..+
........###.+..#.8 .+
........#####. ##. .#
..>.........#


You could see an acid dragon (catching breath) and a hound.

Vanquished Creatures
  Grinder (D:5)
  Sigmund (D:4)
  A scorpion (D:5)
  A wight (D:5)
  2 hounds (D:5)
  Natasha (thrice) (D:4)
  4 gnolls
  8 adders
  3 dart slugs
  10 orcs
  11 endoplasms
  6 giant cockroaches
  12 goblins
  8 hobgoblins
  7 jackals
  8 kobolds
  3 quokkas (D:1)
  5 ball pythons
  5 frilled lizards
  6 rats
105 creatures vanquished.

Notes
Turn   | Place    | Note
-------+----------+-------------------------------------------
     0 | D:1      | qw the Gargoyle Fighter began the quest for the Orb.
     0 | D:1      | Reached XP level 1. HP: 14/14 MP: 1/1
     0 | D:1      | 0 ||| qw: Version: 0.2-a-12-gaebbb33
     0 | D:1      | 0 ||| qw: Game counter: 1544
     0 | D:1      | 0 ||| qw: Always use a shield: true
     0 | D:1      | 0 ||| qw: God list: Okawaru
     0 | D:1      | 0 ||| qw: Allow faded altars: false
     0 | D:1      | 0 ||| qw: Do Orc after D:15 true
     0 | D:1      | 0 ||| qw: Do second Lair branch before Depths: true
     0 | D:1      | 0 ||| qw: Lair rune preference: random
     0 | D:1      | 0 ||| qw: Plans: Normal, Zot:1-4, God:TSO, Crypt, Tomb,
                  | Pan, Slime:5, Hells, Abyss, Orb
     0 | D:1      | 0 ||| PLANNING D:1-11
   201 | D:1      | 201 ||| DROPPING +0 club.
   262 | D:1      | Reached XP level 2. HP: 19/19 MP: 2/2
   335 | D:1      | 335 ||| Stepping ~*~*~tactically~*~*~ (stealth).
   393 | D:1      | Found a faded altar of an unknown god.
   550 | D:1      | Reached skill level 3 in Axes
   574 | D:1      | 574 ||| Stepping ~*~*~tactically~*~*~ (stealth).
   606 | D:1      | Reached XP level 3. HP: 21/23 MP: 3/3
   640 | D:1      | 640 ||| Stepping ~*~*~tactically~*~*~ (stealth).
   641 | D:1      | 641 ||| Stepping ~*~*~tactically~*~*~ (stealth).
   770 | D:1      | 770 ||| UPGRADING to +0 tower shield.
   780 | D:1      | 780 ||| DROPPING +0 buckler.
   781 | D:1      | 781 ||| READING scroll labelled MOISTR WAHY.
   807 | D:2      | 807 ||| STAIRDANCE
   840 | D:2      | 840 ||| STAIRDANCE
  1016 | D:2      | 1016 ||| Stepping ~*~*~tactically~*~*~ (stealth).
  1017 | D:2      | 1017 ||| Stepping ~*~*~tactically~*~*~ (stealth).
  1115 | D:2      | 1115 ||| DROPPING +0 whip.
  1161 | D:2      | Reached skill level 4 in Shields
  1161 | D:2      | Reached XP level 4. HP: 28/28 MP: 4/4
  1487 | D:2      | Reached skill level 5 in Shields
  1487 | D:2      | Reached XP level 5. HP: 29/32 MP: 5/5
  1964 | D:2      | 1964 ||| READING 2 scrolls labelled JUCWAUSSUO.
  1965 | D:2      | 1965 ||| READING scroll labelled ROOHUL IKOJI.
  1966 | D:2      | 1966 ||| READING scroll labelled UTALAARASI.
  1967 | D:2      | 1967 ||| READING scroll labelled JUOMOEJICS.
  1970 | D:2      | 1970 ||| DROPPING scroll of vulnerability.
  2062 | D:3      | 2062 ||| READING scroll of enchant weapon.
  2062 | D:3      | 2062 ||| ENCHANTING +1 war axe.
  2317 | D:3      | 2317 ||| DROPPING +1 whip of flaming.
  2341 | D:3      | 2341 ||| Stepping ~*~*~tactically~*~*~ (hiding).
  2490 | D:3      | 2490 ||| READING scroll of enchant weapon.
  2490 | D:3      | 2490 ||| ENCHANTING +2 war axe.
  2882 | D:3      | 2882 ||| Stepping ~*~*~tactically~*~*~ (hiding).
  3135 | D:3      | 3135 ||| UPGRADING to +0 chain mail.
  3145 | D:3      | 3145 ||| DROPPING +0 scale mail.
  3146 | D:3      | 3146 ||| UPGRADING to +0 hat of see invisible.
  3151 | D:3      | 3151 ||| READING scroll labelled FESTYH KENISHO.
  3152 | D:3      | 3152 ||| DRINKING 2 ruby potions.
  3153 | D:3      | 3153 ||| READING 4 scrolls of identify.
  3153 | D:3      | 3153 ||| IDENTIFYING metallic yellow potion
  3154 | D:3      | 3154 ||| READING 3 scrolls of identify.
  3154 | D:3      | 3154 ||| IDENTIFYING yellow potion
  3155 | D:3      | 3155 ||| READING 2 scrolls of identify.
  3155 | D:3      | 3155 ||| IDENTIFYING fuming clear potion
  3156 | D:3      | 3156 ||| DROPPING potion of degeneration.
  3157 | D:3      | 3157 ||| DROPPING potion of flight.
  3339 | D:4      | Noticed Sigmund
  3345 | D:4      | Killed Sigmund
  3346 | D:4      | Reached skill level 7 in Shields
  3346 | D:4      | Reached XP level 6. HP: 29/37 MP: 6/6
  3493 | D:4      | Found Mamicvan's Antique Armour Emporium.
  3504 | D:4      | 3504 ||| SHOPLISTING embroidered cloak (172 gold, have
                  | 156).
  3504 | D:4      | 3504 ||| SHOPLISTING shiny chain mail (172 gold, have 156).
  3504 | D:4      | 3504 ||| SHOPLISTING smoking chain mail (218 gold, have
                  | 156).
  3539 | D:4      | 3539 ||| Stepping ~*~*~tactically~*~*~ (stealth).
  3565 | D:4      | Found a staircase to the Ecumenical Temple.
  3566 | D:4      | 3566 ||| PLANNING TEMPLE
  3566 | D:4      | 3566 ||| READING scroll labelled WITOMAF BINY.
  3567 | D:4      | 3567 ||| READING scroll labelled MIONOZ XEKHOK.
  3629 | D:4      | Reached skill level 1 in Throwing
  3632 | Temple   | Entered the Ecumenical Temple
  3689 | Temple   | 3689 ||| PLANNING OKAWARU WORSHIP
  3815 | Temple   | Became a worshipper of Warmaster Okawaru
  3816 | Temple   | 3816 ||| PLANNING D:1-11
  3873 | D:4      | Noticed Natasha
  3878 | D:4      | Killed Natasha
  3898 | D:4      | 3898 ||| Stepping ~*~*~tactically~*~*~ (stealth).
  3901 | D:4      | 3901 ||| Stepping ~*~*~tactically~*~*~ (stealth).
  3904 | D:4      | 3904 ||| Stepping ~*~*~tactically~*~*~ (stealth).
  3919 | D:4      | 3919 ||| Stepping ~*~*~tactically~*~*~ (hiding).
  3921 | D:4      | 3921 ||| Stepping ~*~*~tactically~*~*~ (hiding).
  3936 | D:4      | 3936 ||| Stepping ~*~*~tactically~*~*~ (stealth).
  4004 | D:4      | Identified the +5 leather armour "Birena" {rPois rC++ Dex-3
                  | SInv}
  4472 | D:4      | Noticed Natasha
  4484 | D:4      | Killed Natasha
  4503 | D:4      | Noticed Natasha
  4514 | D:4      | Killed Natasha
  4515 | D:4      | Reached XP level 7. HP: 21/41 MP: 7/7
  4685 | D:4      | 4685 ||| UPGRADING to +0 plate armour.
  4695 | D:4      | 4695 ||| DROPPING +0 chain mail.
  4696 | D:4      | 4696 ||| DROPPING amulet of faith.
  4697 | D:4      | 4697 ||| DROPPING ring of magical power.
  4718 | D:5      | Entered Level 5 of the Dungeon
  4842 | D:5      | 4842 ||| Stepping ~*~*~tactically~*~*~ (stealth).
  4883 | D:5      | Noticed Grinder
  4883 | D:5      | Paralysed by Grinder for 5 turns
  4888 | D:5      | 4888 ||| Stepping ~*~*~tactically~*~*~ (hiding).
  4898 | D:5      | Killed Grinder
  4899 | D:5      | Reached skill level 8 in Shields
  4956 | D:5      | Reached * piety under Okawaru
  4958 | D:5      | 4958 ||| INVOKING Heroism.
  4961 | D:5      | HP: 9/41 [acid dragon/splash of acid (9)]
  4962 | D:5      | 4962 ||| READING 2 scrolls of teleportation.
  4963 | D:5      | 4963 ||| DRINKING potion of heal wounds.
  4964 | D:5      | Killed from afar by an acid dragon

Levels and vault maps discovered:
D:1:      ebering_trefoil_3fold, layout_basic,
          shapermc_ecumenical_altar_starsandcircs
D:2:      layout_loops_ring, minmay_misc_feat_pillars
D:3:      minmay_skewed_foursquare, layout_loops_ring
D:4:      layout_layer_cave, minmay_temple_entry_butterflies, serial_shops,
          shop, chequers_mini_garden, minmay_strange_pillars,
          minmay_goblin_outpost, uniq_natasha, uniq_sigmund
D:5:      layout_basic, nicolae_zen_rock_garden, kennysheep_generic_room_4,
          uniq_grinder, uniq_prince_ribbit1
Temple:   bh_familiar_temple

Skill      XL: |  1  2  3  4  5  6  7 |
---------------+----------------------+-----
Axes           | 2 3 4 |  4.4
Shields        | 4 5 7 8 |  8.6
Throwing       | 1 |  1.0
Fighting       | |  3.2
Armour         | |  3.2

Action                   |  1- 3 |  4- 6 |  7- 9 || total
-------------------------+-------+-------+-------++-------
Melee: War axe           |    89 |   139 |    41 ||   269
Throw: Javelin           |    16 |    33 |     3 ||    52
Invok: Heroism           |       |       |     1 ||     1
  Use: Scroll            |     1 |    12 |     1 ||    14
       Potion            |       |     1 |     1 ||     2
Armor: Scale mail        |    53 |    44 |       ||    97
       Chain mail        |       |    23 |       ||    23
       Plate armour      |       |       |    30 ||    30
Dodge: Dodged            |    30 |    24 |    12 ||    66
Block: Buckler           |    11 |       |       ||    11
       Tower shield      |    23 |    97 |    41 ||   161

Table legend:
 A = Non-vault XP
 B = Vault XP
 C = Vault XP percentage of total XP
 D = Non-vault monster count
 E = Vault monster count
 F = Vault count percentage of total count
                 A         B        C        D         E       F
            +---------+---------+-------+---------+---------+-------
      Total |     517 |     655 |  55.9 |      87 |      18 |  17.1
            +---------+---------+-------+---------+---------+-------
        D:1 |      62 |       0 |   0.0 |      29 |       0 |   0.0
        D:2 |     124 |       0 |   0.0 |      23 |       0 |   0.0
        D:3 |      53 |      33 |  38.4 |      19 |       6 |  24.0
        D:4 |      93 |     275 |  74.7 |       7 |      10 |  58.8
        D:5 |     185 |     347 |  65.2 |       9 |       2 |  18.2
            +---------+---------+-------+---------+---------+-------
